 Dungeon Crawl Stone Soup version 0.28.0-45-g0d030f2227 (webtiles) character file.

Game seed: 4897980864036981483

124 croobank the Shield-Bearer (level 4, -7/41 HPs)
             Began as a Minotaur Fighter on Apr 3, 2022.
             Mangled by an ogre
             ... wielding a +0 giant club
              (15 damage)
             ... on level 3 of the Dungeon.
             The game lasted 00:05:51 (2349 turns).

croobank the Shield-Bearer (Minotaur Fighter)       Turns: 2349, Time: 00:05:52

Health: -7/41      AC:  8    Str: 23    XL:     4   Next: 81%
Magic:  3/3        EV:  9    Int:  5    God:
Gold:   47         SH:  4    Dex:  9    Spells: 3/3 levels left

rFire   . . .      SeeInvis .   a - +0 war axe
rCold   . . .      Faith    .   c - +0 buckler
rNeg    . . .      Spirit   .   p - +0 scale mail
rPois   .          Reflect  .   (helmet restricted)
rElec   .          Harm     .   (no cloak)
rCorr   .          Rampage  .   l - +0 pair of gloves
Will    .....                   (no boots)
Stlth   ..........              (no amulet)
HPRegen 0.13/turn               (no ring)
MPRegen 0.08/turn               (no ring)

@: no status effects
A: horns 2, retaliatory headbutt
a: no special abilities


You were on level 3 of the Dungeon.
You visited 1 branch of the dungeon, and saw 3 of its levels.

You collected 47 gold pieces.

Inventory:

Hand Weapons
 a - a +0 war axe (weapon)
 b - a +0 hunting sling
 m - a +0 vorpal mace
Missiles
 d - 25 arrows
 f - 58 sling bullets
 o - 4 atropa-tipped darts (quivered)
Armour
 c - a +0 buckler (worn)
 l - a +0 pair of gloves (worn)
 p - a +0 scale mail (worn)
Wands
 j - a wand of digging (3)
Scrolls
 g - a scroll of fear {unknown}
 h - a scroll of holy word {unknown}
 i - a scroll of immolation {unknown}
 k - a scroll of noise {unknown}
 n - 2 scrolls of fog {unknown}
 q - a scroll of vulnerability {unknown}
Potions
 e - a potion of mutation {unknown}
 r - a potion of lignification {unknown}


   Skills:
 + Level 4.5 Fighting
 + Level 3.7 Axes
 + Level 4.5 Armour
 + Level 4.6 Shields


You had 3 spell levels left.
You didn't know any spells.
Your spell library was empty.

Dungeon Overview and Level Annotations

Branches:
Dungeon (3/15)

Altars:
Cheibriados


Innate Abilities, Weirdness & Mutations

You have a pair of horns on your head.
You reflexively headbutt those who attack you in melee.


Message History

You kill the hobgoblin!
You block the frilled lizard's attack.
You slash the frilled lizard!
You kill the frilled lizard!
No target in view!
You now have 47 gold pieces (gained 4).
You see here a hobgoblin corpse.
q - a scroll labelled PATZEFY NAUS
r - an amethyst potion An ogre comes into view.
It is wielding a +0 giant club.
The ogre shouts!
The ogre moves out of view.
Throw: 6 darts (atropa)
Press: ? - help, Q - select action Shift-Dir - straight line, f - ogre
Aim: an ogre, wielding a +0 giant club (72% to hit, chance to blind on hit: 27%)
You throw an atropa-tipped dart. The atropa-tipped dart hits the ogre.
The ogre appears confused.
The ogre seems less confused.
Found 13 gold pieces.
o - 6 atropa-tipped darts (gained 1)
You hit the ogre.
You headbutt the ogre, but do no damage.
The ogre is lightly wounded.
The ogre hits you with a +0 giant club!!
Ouch! That really hurt!
Throw: 6 darts (atropa)
Press: ? - help, Q - select action Shift-Dir - straight line, f/p - ogre
Aim: an ogre, wielding a +0 giant club (lightly wounded, 72% to hit, chance to blind on hit: 27%)
You throw an atropa-tipped dart.
The atropa-tipped dart barely misses the ogre.
The ogre hits you with a +0 giant club!
* * * LOW HITPOINT WARNING * * *
Throw: 5 darts (atropa)
Press: ? - help, Q - select action Shift-Dir - straight line, f/p - ogre
Aim: an ogre, wielding a +0 giant club (lightly wounded, 72% to hit, chance to blind on hit: 27%)
You throw an atropa-tipped dart. The atropa-tipped dart hits the ogre.
The ogre resists.
The ogre is lightly wounded.
The ogre hits you with a +0 giant club!
You die...

....................#
........###...†.....#
........# #.#......##
............#####..#
##..#.....### ##..#
#.........# #...#
#.......... #.#.#
..............##.#.#
...#...... #....@#.#
...#..... #.##..O.#
...#..# #... ...$
#... .##(. ..## .#
##.# .#. .# # ###. ..


You could see an ogre.

Vanquished Creatures
  An orc wizard (D:3)
  Robin (D:2)
  An adder (D:2)
  4 orcs (D:3)
  9 endoplasms
  2 giant cockroaches
  12 goblins
  10 hobgoblins
  2 kobolds (D:2)
  2 quokkas (D:2)
  8 ball pythons
  10 bats
  3 frilled lizards
  3 rats
68 creatures vanquished.

Vanquished Creatures (others)
  2 plants (D:2)
2 creatures vanquished.

Grand Total: 70 creatures vanquished

Notes
Turn   | Place    | Note
-------+----------+-------------------------------------------
     0 | D:1      | croobank the Minotaur Fighter began the quest for the Orb.
     0 | D:1      | Reached XP level 1. HP: 19/19 MP: 0/0
   240 | D:1      | Reached XP level 2. HP: 27/27 MP: 1/1
   931 | D:1      | Reached XP level 3. HP: 33/33 MP: 2/2
  1221 | D:2      | Noticed Robin
  1236 | D:2      | Killed Robin
  1254 | D:2      | Found a faded altar of an unknown god.
  1501 | D:2      | Found a snail-covered altar of Cheibriados.
  1564 | D:2      | Reached XP level 4. HP: 40/40 MP: 3/3
  2339 | D:3      | Noticed an ogre
  2349 | D:3      | Mangled by an ogre

Illustrated notes

Levels and vault maps discovered:
D:1:      mrwooster_arrival_arrow, layout_loops_corners, st_stairs_7,
          minmay_misc_feat_hallway
D:2:      layout_loops_ring, shapermc_ecumenical_altar_hornbeckon, basic_altar,
          uniq_robin
D:3:      layout_rooms, old_standard_altar

Skill      XL: |  1  2 |
---------------+-------+-----
Shields        | 4 |  4.6
Axes           | 3 |  3.7
Armour         | 4 |  4.5
Fighting       | 4 |  4.5

Action                   |  1- 3 |  4- 6 || total
-------------------------+-------+-------++-------
Melee: War axe           |   110 |    41 ||   151
       Headbutt          |     9 |     4 ||    13
Throw: Dart              |       |     4 ||     4
  Use: Potion            |       |     1 ||     1
Armor: Scale mail        |    78 |    18 ||    96
Dodge: Dodged            |    52 |    22 ||    74
Block: Buckler           |    19 |     8 ||    27
